 Dungeon Crawl Stone Soup version 0.26-b1-32-g5d43845318 (webtiles) character file.

Game seed: 6091556626153903393

257 MisterFreud the Slasher (level 5, -7/39 (45) HPs)
             Began as a Minotaur Fighter on Jan 10, 2021.
             Mangled by an orc warrior
             ... wielding a +2 flail of draining
              (15 damage)
             ... on level 3 of the Dungeon.
             The game lasted 00:02:50 (2883 turns).

MisterFreud the Slasher (Minotaur Fighter)          Turns: 2883, Time: 00:02:51

HP:   -7/39 (45)    AC: 11    Str: 21    XL:     5   Next: 93%
MP:   4/4           EV:  4    Int:  5    God:
Gold: 114           SH:  9    Dex: 10    Spells: 4/4 levels left

rFire    . . .     SeeInvis .   a - +0 long sword
rCold    . . .     Faith    .   c - +0 kite shield
rNeg     . . .     Spirit   .   o - +0 plate armour
rPois    .         Reflect  .   (helmet restricted)
rElec    .         Harm     .   (no cloak)
rCorr    .         Rampage  .   (no gloves)
Will     .....                  (no boots)
Stlth    ..........             (no amulet)
HPRegen  0.13/turn              (no ring)
MPRegen  0.09/turn              (no ring)

@: heavily drained
A: retaliatory headbutt, horns 2
a: no special abilities


You were on level 3 of the Dungeon.
You visited 1 branch of the dungeon, and saw 4 of its levels.

You collected 114 gold pieces.

Inventory:

Hand Weapons
 a - a +0 long sword (weapon)
Missiles
 k - a throwing net (quivered)
 l - 12 poisoned darts
Armour
 b - a +0 scale mail
 c - a +0 kite shield (worn)
 o - a +0 plate armour (worn)
Jewellery
 g - an uncursed amulet of regeneration {unknown}
Scrolls
 e - 8 scrolls of identify {unknown}
 i - a scroll of fear {unknown}
 j - a scroll of amnesia {unknown}
 n - a scroll of immolation {unknown}
Potions
 d - a potion of might
 f - 5 potions of haste {unknown}
 h - 3 potions of curing {unknown}
 m - a potion of flight {unknown}


   Skills:
 - Level 3.6 Fighting
 + Level 7.4 Long Blades
 + Level 3.9 Armour
 - Level 3.6 Shields


You had 4 spell levels left.
You didn't know any spells.
Your spell library was empty.

Dungeon Overview and Level Annotations

Branches:
Dungeon (4/15)
 Temple: D:4-7

Altars:


Innate Abilities, Weirdness & Mutations

You reflexively headbutt those who attack you in melee.
You have a pair of horns on your head.


Message History

The orc warrior is lightly wounded.
You block the orc warrior's attack.
You hit the orc warrior. Your headbutt misses the orc warrior.
The orc warrior is moderately wounded.
The orc warrior hits you with a +2 flail of draining!
You feel drained.
You closely miss the orc warrior.
The orc warrior is moderately wounded.
You hit the orc warrior.
The orc warrior is heavily wounded.
The orc warrior hits you with a +2 flail of draining!
* * * LOW HITPOINT WARNING * * *
You feel drained.
* * * LOW HITPOINT WARNING * * *
Unknown command.
Unknown command.
You aren't carrying any items that you can evoke.
Unknown command.
The orc warrior hits you with a +2 flail of draining!
You die...

#.# #.##.#...#........[###.
#.#######.##.#...#.####.#......
#.#.....#.##.#.###.#....#.###..
#...†...#.#........#......###.#
###.†<..#.####.##..........##.#
#.†...#.# #.##÷##.......#...
#.....#.# #..#........>....#
#..####.####..########..##.#.
#..# #.....@oo..............
#..#########.########..###.#.
#................).....#...##
#.##########....####...#.#...
###.#................#.(.#....)
#...#.###########.#.##.........
#.###.# #.#.##..####### #.....#
#.#.##..####### #######
#.#.##....#....


You could see an orc warrior and an orc.

Vanquished Creatures
  A bullfrog (D:2)
  3 gnolls
  5 adders
  4 oozes
  7 worms
  2 dart slugs
  An orc (D:3)
  3 ball pythons
  8 bats
  7 giant cockroaches
  11 goblins
  11 hobgoblins
  A quokka (D:3)
  5 frilled lizards
  6 kobolds
  8 rats
83 creatures vanquished.

Notes
Turn   | Place    | Note
-------+----------+-------------------------------------------
     0 | D:1      | MisterFreud the Minotaur Fighter began the quest for the
                  | Orb.
     0 | D:1      | Reached XP level 1. HP: 19/19 MP: 0/0
   145 | D:1      | Reached skill level 3 in Long Blades
   266 | D:1      | Reached XP level 2. HP: 26/26 MP: 1/1
   346 | D:1      | Reached skill level 4 in Long Blades
   396 | D:1      | Reached XP level 3. HP: 31/31 MP: 2/2
   772 | D:2      | Reached skill level 5 in Long Blades
  1040 | D:2      | Noticed a bullfrog
  1043 | D:2      | Killed a bullfrog
  1044 | D:2      | Reached skill level 6 in Long Blades
  1044 | D:2      | Reached XP level 4. HP: 39/39 MP: 3/3
  1293 | D:2      | Reached XP level 5. HP: 45/45 MP: 4/4
  1765 | D:2      | Reached skill level 7 in Long Blades
  2858 | D:4      | Noticed an orc warrior
  2883 | D:3      | Mangled by an orc warrior

Illustrated notes

Levels and vault maps discovered:
D:1:      nicolae_arrival_memento_mori, layout_rooms, minmay_cut_off
D:2:      layout_basic
D:3:      layout_basic
D:4:      layout_rooms, serial_shops, nicolae_shop_behind_doors

Skill      XL: |  1  2  3  4  5 |
---------------+----------------+-----
Long Blades    | 3 4 6 7 |  7.4
Fighting       | |  3.6
Armour         | |  3.9
Shields        | |  3.6

Action                   |  1- 3 |  4- 6 || total
-------------------------+-------+-------++-------
Melee: Long sword        |    75 |   130 ||   205
       Headbutt          |     8 |    21 ||    29
Armor: Scale mail        |    49 |    19 ||    68
       Plate armour      |       |    21 ||    21
Dodge: Dodged            |    27 |    21 ||    48
Block: Kite shield       |    37 |    68 ||   105
       Rpst.: Long sword |     7 |     2 ||     9
